 Dungeon Crawl Stone Soup version 0.27.1-3-gb3d3a73c9e (webtiles) character file.

Game seed: 10947471635989995610

54 cdecastro the Ruffian (level 3, 0/28 HPs)
             Began as a Draconian Transmuter on Oct 14, 2021.
             Slain by Ijyb (1 damage)
             ... on level 3 of the Dungeon.
             The game lasted 00:02:50 (1909 turns).

cdecastro the Ruffian (Draconian Transmuter)        Turns: 1909, Time: 00:02:53

Health: 0/28       AC:  5    Str: 12    XL:     3   Next: 66%
Magic:  5/6        EV: 12    Int: 14    God:
Gold:   58         SH:  0    Dex: 11    Spells: 0/6 levels left

rFire    . . .     SeeInvis .     - Unarmed
rCold    . . .     Faith    .   (no shield)
rNeg     . . .     Spirit   .   (armour unavailable)
rPois    .         Reflect  .   (helmet currently unavailable)
rElec    .         Harm     .   (no cloak)
rCorr    .         Rampage  .   (no gloves)
Will     .....                  (boots currently unavailable)
Stlth    +.........             (no amulet)
HPRegen  0.09/turn              (no ring)
MPRegen  0.10/turn              (no ring)

@: appendages
A: horns 2, talons 2, AC +5, unfitting armour, cold-blooded
a: End Transformation


You were on level 3 of the Dungeon.
You had temporarily grown beastly horns and talons.
You visited 1 branch of the dungeon, and saw 3 of its levels.

You collected 58 gold pieces.

Inventory:

Missiles
 h - 53 stones
Armour
 a - a +0 pair of boots (melded)
Magical Staves
 l - a staff of death
Jewellery
 i - a ring of protection from cold
 k - a ring of magical power
Scrolls
 b - 2 scrolls of teleportation {unknown}
Potions
 c - a potion of heal wounds {unknown}
 d - a potion of haste {unknown}
 e - a potion of might {unknown}
 f - a potion of curing {unknown}
 g - a potion of mutation {unknown}
 j - a potion of magic {unknown}


   Skills:
 - Level 1.1 Fighting
 - Level 1.7 Dodging
 * Level 4.2 Unarmed Combat
 - Level 2.0 Spellcasting
 + Level 2.7 Transmutations


You couldn't memorise any spells.
You knew the following spells:

 Your Spells              Type           Power      Damage    Failure   Level
a - Beastly Appendage     Tmut           18%        N/A       8%          1
b - Wereblood             Tmut           9%         N/A       12%         2
c - Spider Form           Tmut/Pois      2%         N/A       38%         3

Your spell library contained the following spells:

 Spells                   Type           Power      Damage    Failure   Level
 Gell's Gravitas          Tloc           0%         N/A       56%         3
 Summon Guardian Golem    Hex/Summ       1%         N/A       56%         3
 Teleport Other           Tloc           1%         N/A       56%         3
 Ice Form                 Ice/Tmut       5%         N/A       80%         4
 Dispersal                Tloc           0%         N/A       100%        6
 Orb of Destruction       Conj           0%         N/A       100%        7
 Spellforged Servitor     Conj/Summ      0%         N/A       100%        7


Dungeon Overview and Level Annotations

Branches:
Dungeon (3/15)

Altars:
Gozag

Annotations:
D:3 Ijyb


Innate Abilities, Weirdness & Mutations

You have temporarily grown beastly horns and talons.
Your plain brown scales are hard. (AC +5)
You cannot fit into any form of body armour.
You are cold-blooded and may be slowed by cold attacks.


Message History

Ijyb is moderately wounded.
Ijyb hits you with a +0 dagger.
* * * LOW HITPOINT WARNING * * *
You hit Ijyb. Your kick misses Ijyb.
Ijyb is moderately wounded.
You completely miss Ijyb. Your kick misses Ijyb.
Ijyb is moderately wounded.
Ijyb closely misses you.
You closely miss Ijyb. You headbutt Ijyb.
Ijyb is severely wounded.
Ijyb zaps a wand.
The puff of flame misses you.
You closely miss Ijyb. You claw Ijyb, but do no damage.
Your headbutt misses Ijyb.
Ijyb is severely wounded.
Your horns disappear.
Your talons disappear.
Your +0 pair of boots unmelds from your body.
Ijyb hits you but does no damage.
You hit Ijyb but do no damage.
Ijyb is severely wounded.
Ijyb barely misses you.
Unknown command.
You hit Ijyb but do no damage. You tail-slap Ijyb, but do no damage.
Ijyb is severely wounded.
Ijyb hits you but does no damage.
You hit Ijyb.
Ijyb is severely wounded.
Ijyb hits you with a +0 dagger.
* * * LOW HITPOINT WARNING * * *
You hit Ijyb but do no damage.
Ijyb is severely wounded.
Ijyb hits you with a +0 dagger.
* * * LOW HITPOINT WARNING * * *
You are too injured to fight recklessly!
Casting: Beastly Appendage (safe; 8% risk of failure)
Confirm with . or Enter, or press ? or * to list all spells.
You grow a pair of large bovine horns.
Your feet morph into talons.
Your +0 pair of boots melds into your body.
Ijyb screams, "I dance on your bones!" Ijyb hits you with a +0 dagger.
You die...

###
#@#
#g#
##
#.# .
#.#
#.#.#
#.#.#
#...#
#...#
#..=#


You could see Ijyb.

Vanquished Creatures
  An adder (D:2)
  A worm (D:2)
  A dart slug (D:1)
  3 endoplasms
  A giant cockroach (D:2)
  A goblin (D:1)
  6 hobgoblins
  4 jackals (D:1)
  3 quokkas (D:1)
  5 ball pythons
  3 bats (D:1)
  3 frilled lizards (D:1)
  5 kobolds (D:1)
37 creatures vanquished.

Notes
Turn   | Place    | Note
-------+----------+-------------------------------------------
     0 | D:1      | cdecastro the Draconian Transmuter began the quest for the
                  | Orb.
     0 | D:1      | Reached XP level 1. HP: 16/16 MP: 3/3
   171 | D:1      | Reached XP level 2. HP: 6/23 MP: 3/5
   880 | D:1      | Reached XP level 3. HP: 26/28 MP: 4/6
   899 | D:1      | Reached skill level 4 in Unarmed Combat
  1158 | D:1      | Learned a level 2 spell: Wereblood
  1162 | D:1      | Learned a level 3 spell: Spider Form
  1243 | D:2      | Found a faded altar of an unknown god.
  1321 | D:2      | Found an opulent altar of Gozag.
  1873 | D:3      | Noticed Ijyb
  1908 | D:3      | HP: 1/28 [Ijyb (2)]
  1909 | D:3      | Slain by Ijyb

Illustrated notes

Levels and vault maps discovered:
D:1:      minmay_arrival_stone_box, layout_rooms, serial_corexii_hall,
          corexii_hall_statues_l, corexii_hall_statues_deadend
D:2:      layout_loops_ring, basic_altar, shapermc_ecumenical_altar_pompeii
D:3:      layout_basic, grunt_temple_overflow_forces_of_nature, tso_metal_star,
          uniq_terence, uniq_crazy_yiuf_cottage, uniq_ijyb

Skill      XL: |  1  2  3 |
---------------+----------+-----
Unarmed Combat | 4 |  4.2
Fighting       | |  1.1
Dodging        | |  1.7
Spellcasting   | |  2.0
Transmutations | |  2.7

Action                   || total
-------------------------++-------
Melee: Unarmed           ||   144
       Kick              ||    12
       Headbutt          ||    10
       Tailslap          ||     9
 Cast: Beastly Appendage ||    12
Armor: Skin              ||    41
Dodge: Dodged            ||   104
